[Event "NJSK 2021 Meisjes A&B"]
[Site "Almelo, Netherlands"]
[Date "2021.08.04"]
[Round "4.3"]
[White "Basa, Manasvita"]
[Black "Cordes, Jule"]
[Result "0-1"]
[TimeControl "90min/40moves + 30sec/move"]
[WhiteElo "1711"]
[BlackElo "1790"]

1. e4 c5 2. Nf3 g6 3.
d4 cxd4 4. Nxd4 Bg7 5. Be3 Nc6 6. c4 Nf6 7. Nc3 d6 8. h3 O-O 9. Be2 Nxd4 10. Bxd4 Nd7 11. O-O a5 12. Bxg7 Kxg7 13.
Qd4+ Kg8 14. f4 Qb6 15. Qxb6 Nxb6 16. Rac1 Be6 17. Nd5 Bxd5 18. cxd5 Rfc8 19. Bg4 Rc4 20. Rxc4 Nxc4 21. Rc1 b5 22.
b3 Nd2 23. Re1 a4 24. b4 a3 25. Re2 Nb1 26. Bd7 Nc3 27. Rc2 Nxe4 28. Bxb5 Rb8 29. Rc4 Nd2 30. Rd4 Rxb5 31. Rxd2 Rxb4 32.
Rd3 Ra4 33. g3 Kf8 34. Rb3 Ke8 35. Rb8+ Kd7 36. Rb7+ Kd8 37. Kf2 Rc4 38. Rb8+ Kc7 39. Rf8 Rc2+ 40. Kf3 f5 41. Rf7 Rxa2 42.
Rxe7+ Kb8 43. Rd7 Ra1 44. Rd8+ Kc7 45. Ra8 a2 46. Kg2 Kb6 47. g4 Kc5 48. Ra5+ Kd4 49. gxf5 gxf5 50. h4 h5 51.
Kh2 Ke4 52. Kg2 Kxf4 53. Kh2 Ke5 54. Kg2 f4 55. Ra4 f3+ 56. Kxf3 Rf1+ 57. Kg3 a1=Q 58. Ra2 Qxa2 59. Kh3 Rf3# 0-1

[Event "NJSK 2021 Meisjes A&B"]
[Site "Almelo, Netherlands"]
[Date "2021.08.04"]
[Round "4.4"]
[White "Bogouslavskii, Veronique"]
[Black "Van Essen, Marieke"]
[Result "1/2-1/2"]
[TimeControl "90min/40moves + 30sec/move"]
[WhiteElo "1207"]
[BlackElo "1610"]

1. e4 e5 2. Nf3 Nc6 3. Bc4 Bc5 4. b4 Bxb4 5. c3 Ba5 6. d4 exd4 7. O-O Nge7 8. Ng5 Ne5 9. Nxf7 Nxf7 10.
Bxf7+ Kxf7 11. Qh5+ g6 12. Qxa5 d5 13. exd5 Nxd5 14. cxd4 Be6 15. Nd2 c6 16. Qa3 Qc7 17. Nf3 Rhe8 18.
Bh6 b6 19. Ne5+ Kg8 20. Qg3 Bf5 21. Qg5 Rac8 22. g4 Bc2 23. Rac1 Ba4 24. f4 Qe7 25. h4 Qa3 26. Nf3 Bb5 27.
h5 Bxf1 28. Rxf1 Qe3+ 29. Kg2 Qe2+ 30. Rf2 Qe7 31. hxg6 Qxg5 32. gxh7+ Kxh7 33. Bxg5 Re4 34. Kg3 Kg7 35. Nh4 Ne7 36.
Bxe7 Rxe7 37. Nf5+ Kf6 38. Nxe7 Kxe7 39. g5 c5 40. dxc5 bxc5 41. f5 c4 42. Rc2 c3 43. Kf3 Kd6 44. f6 Ke6 45. Kg4 Kf7 46. Kf4 Kg6 47.
Ke5 Kxg5 48. f7 Kg6 49. Ke6 Kg7 50. Rg2+ Kh7 51. Kd7 c2 52. Rg1 Rb8 53. Rc1 Kg7 54. Rxc2 Rb7+ 55. Rc7 Rxc7+ 56. Kxc7 Kxf7 57. Kb7 a5 58. a4 Ke7 59. Kc7 Ke8 60. Kb6 Kd8 61. Kxa5 Kc8 62. Ka6 Kb8 63. Kb6 Ka8 64. a5 Kb8 65.
a6 Ka8 66. a7 1/2-1/2

[Event "NJSK 2021 Meisjes A&B"]
[Site "Almelo, Netherlands"]
[Date "2021.08.04"]
[Round "4.5"]
[White "Honkoop, Stella"]
[Black "Venema, Katja"]
[Result "1-0"]
[TimeControl "90min/40moves + 30sec/move"]
[WhiteElo "1573"]
[BlackElo "1356"]

1. d4 d5 2. c4 c6 3. Nc3 Nf6 4. Nf3 g6 5. Bf4 Bg7 6. e3 Bf5 7. Qb3 Qb6 8. cxd5 Nxd5 9. Nxd5 cxd5 10.
Bxb8 Qa5+ 11. Nd2 Rxb8 12. Bb5+ Bd7 13. Bxd7+ Kxd7 14. Rc1 e6 15. Rc5 Qa6 16. Qc2 Rhc8 17. Nb3 Qxa2 18. O-O Rxc5 19.
Nxc5+ Kd8 20. Rc1 Qc4 21. Qd2 Qb5 22. h3 Bf8 23. Nd3 Rc8 24. Ra1 a6 25. Ra5 Qb3 26. Ra1 Bd6 27. g3 Ke7 28.
Kg2 h5 29. Kg1 Rc4 30. Nc1 Qc2 31. Qxc2 Rxc2 32. b3 Bb4 33. Kf1 a5 34. Rb1 Kf6 35. Nd3 Bc3 36. h4 Kf5 37. f3 b6 38.
Ne5 f6 39. Nd3 Rh2 40. Nf2 Bd2 41. g4+ hxg4 42. fxg4# 1-0

[Event "NJSK 2021 Meisjes A&B"]
[Site "Almelo, Netherlands"]
[Date "2021.08.04"]
[Round "4.6"]
[White "Bertholee, Arjuna"]
[Black "Zubair, Javeria Komal"]
[Result "0-1"]
[TimeControl "90min/40moves + 30sec/move"]
[WhiteElo "1144"]
[BlackElo "1490"]

1. e4 c5 2. Nc3 e6 3. Bc4 Nc6 4. d3 Be7 5. f4 d6 6. Nf3 Nf6 7. O-O O-O 8. Qe1 Nd4 9. Qf2 d5 10.
Bb3 dxe4 11. dxe4 b5 12. Nxd4 cxd4 13. Nxb5 Ba6 14. a4 Nxe4 15. Qf3 Nc5 16. Bc4 Bb7 17. Qd1 Bf6 18. Ra3 a6 19.
Nxd4 Qxd4+ 20. Qxd4 Bxd4+ 21. Kh1 Ne4 22. Raf3 Rad8 23. Bd3 Nc5 24. Rh3 Nxd3 25. Rxd3 a5 26. Rfd1 Bf6 27. c3 Bc6 28.
b3 Be4 29. Rxd8 Rxd8 30. Rxd8+ Bxd8 31. b4 Bc2 32. bxa5 Bxa5 33. Bb2 Bxa4 34. h3 f6 35. Kh2 Kf7 36. Kg3 Bc7 37. Kg4 Kg6 38.
Bc1 Bd1+ 39. Kg3 Kf5 40. h4 g5 41. hxg5 fxg5 42. Kf2 gxf4 43. c4 h5 44. c5 e5 45. g3 f3 46. Ke1 Be2 47.
Kf2 e4 48. Bf4 Bxf4 49. gxf4 Kxf4 50. c6 e3+ 51. Ke1 Ba6 52. c7 f2+ 53. Kd1 f1=Q+ 54. Kc2 Qd3+ 55. Kb2 Qc4 56. c8=Q Bxc8 57.
Ka3 Qb5 58. Ka2 Ke4 59. Ka1 Kd3 60. Ka2 Kc2 61. Ka3 Qb3# 0-1

[Event "NJSK 2021 Meisjes A&B"]
[Site "Almelo, Netherlands"]
[Date "2021.08.04"]
[Round "4.7"]
[White "Martinez, Sara"]
[Black "Duson, Stella"]
[Result "1-0"]
[TimeControl "90min/40moves + 30sec/move"]
[WhiteElo "1528"]
[BlackElo "1259"]

1. e4 e5 2. Nf3 Nc6 3. d4 exd4 4. Nxd4 Nf6 5. Nc3 Bb4 6. Nxc6 bxc6 7. Bd3 O-O 8. O-O Re8 9. Qf3 d5 10.
exd5 cxd5 11. Bg5 Be7 12. h3 c6 13. Rad1 h6 14. Bh4 Rb8 15. b3 Ra8 16. Ne2 Ne4 17. Bxe7 Qxe7 18. Nd4 Bd7 19.
c4 Nc3 20. Rd2 Be6 21. Nxc6 Qc5 22. Ne5 Rad8 23. Bf5 Bxf5 24. Qxf5 Qc7 25. Nf3 dxc4 26. bxc4 Qxc4 27. Rc2 Re2 28.
Rfc1 g6 29. Qa5 Rxc2 30. Qxd8+ Kg7 31. Rxc2 Ne2+ 32. Rxe2 Qxe2 33. Qd4+ Kh7 34. Qxa7 h5 35. Qxf7+ Kh6 36. Qf8+ Kh7 37.
Ng5# 1-0

[Event "NJSK 2021 Meisjes A&B"]
[Site "Almelo, Netherlands"]
[Date "2021.08.05"]
[Round "5.1"]
[White "Ricken, Katharina"]
[Black "De Zoeten, Cato"]
[Result "0-1"]
[TimeControl "90min/40moves + 30sec/move"]
[WhiteElo "2030"]
[BlackElo "1881"]

1. Nf3 Nf6 2. g3 g6 3. b3 d5 4. Bb2 c5 5. c4 d4 6. b4 Nc6 7. bxc5 e5 8. d3 Bg7 9. Nbd2 Bf5 10.
Bg2 O-O 11. O-O Re8 12. Ng5 Qd7 13. Rb1 h6 14. Nge4 Nxe4 15. Nxe4 Bh3 16. Ba3 Bxg2 17. Kxg2 f5 18. Nd6 Reb8 19.
Qa4 Bf8 20. Qb5 a6 21. Qb6 Be7 22. Rb2 Bd8 23. Qb3 Bc7 24. Rfb1 b6 25. Qa4 b5 26. Qc2 b4 27. Bxb4 Rxb4 28.
Rxb4 Nxb4 29. Rxb4 Qc6+ 30. f3 Qxc5 31. Nb5 axb5 32. Rxb5 Qa3 33. Rb7 Ra7 34. Rxa7 Qxa7 35. Qb3 Kg7 36.
Qb5 Qb6 37. Qxb6 Bxb6 38. Kf2 Kf6 39. Ke1 Ke6 40. Kd2 Kd6 41. Kc2 Kc5 42. Kb3 h5 43. h3 Bc7 44. g4 fxg4 45. fxg4 hxg4 46.
hxg4 Bd6 47. Ka4 Kb6 48. Kb3 Be7 49. Ka4 Bc5 50. Kb3 Ka5 51. Kc2 Ka4 52. Kb2 Ba3+ 53. Kb1 Ka5 54. Kc2 Kb4 55.
Kd2 Bb2 56. Kc2 Bc3 57. Kc1 Ka3 58. Kb1 g5 59. c5 Bb4 60. c6 Bd6 61. Kc2 Kxa2 62. Kd2 Kb3 63. e3 Kb4 64. Ke2 Kc5 65.
Kf3 Kxc6 66. exd4 exd4 67. Ke4 Kc5 68. Kf5 Bf4 69. Ke4 Be3 70. Kf5 Kb4 0-1

[Event "NJSK 2021 Meisjes A&B"]
[Site "Almelo, Netherlands"]
[Date "2021.08.05"]
[Round "5.2"]
[White "Cordes, Jule"]
[Black "Den Heijer, Rolinde"]
[Result "1-0"]
[TimeControl "90min/40moves + 30sec/move"]
[WhiteElo "1790"]
[BlackElo "1483"]

1. d4 Nf6 2. c4 e6 3. Nc3 Bb4 4. Nf3 h6 5. h3 b6 6. Bf4 Bb7 7. e3 O-O 8. Be2 d5 9. O-O a6 10.
Rc1 Bd6 11. Bxd6 Qxd6 12. cxd5 exd5 13. Qb3 Nbd7 14. Rfd1 Rfe8 15. Bd3 Nf8 16. Bb1 Ne6 17. Ne2 Ng5 18. Ne5 Nfe4 19. f3 Nf6 20.
Ng3 g6 21. Qc2 Ne6 22. Kf2 Rac8 23. Nxf7 Qf8 24. Qxg6+ Qg7 25. Nxh6+ Kf8 26. Qxg7+ Kxg7 27. Ng4 Nd7 28. h4 c5 29.
Nf5+ 1-0

[Event "NJSK 2021 Meisjes A&B"]
[Site "Almelo, Netherlands"]
[Date "2021.08.05"]
[Round "5.3"]
[White "Zubair, Javeria Komal"]
[Black "Basa, Manasvita"]
[Result "1-0"]
[TimeControl "90min/40moves + 30sec/move"]
[WhiteElo "1490"]
[BlackElo "1711"]

1. Nf3 d5 2. c4 e6 3. e3 Nf6 4. Be2 Bd6 5. Nc3 O-O 6. O-O dxc4 7. Bxc4 a6 8. a4 b6 9. d4 Bb7 10.
Re1 Nbd7 11. e4 Bb4 12. Bg5 h6 13. Bh4 g5 14. Nxg5 hxg5 15. Bxg5 Qe8 16. e5 Nh7 17. Bh6 Kh8 18.
Bxf8 Ndxf8 19. Bd3 Ng6 20. Re3 Qe7 21. Rh3 Qg5 22. Rg3 Qh6 23. Ne4 Nf4 24. Qg4 Nxd3 25. Rh3 Qf4 26. Rxh7+ Kxh7 27.
Nf6+ Kh8 28. Qh3+ Kg7 29. Nh5+ Kf8 30. Nxf4 Nxf4 31. Qh6+ Ke7 32. Qxf4 Rd8 33. Qf6+ Ke8 34. Rd1 c5 35.
Qh8+ Ke7 36. Qh4+ Ke8 37. h3 c4 38. g4 Bf3 39. Rc1 Rxd4 40. Qf6 Be2 41. Qh8+ Ke7 42. Qb8 Bc5 43. a5 Rd8 44.
Qb7+ Rd7 45. Qc6 Bd4 46. axb6 Bxe5 47. b7 Bd3 48. Qc5+ Kf6 49. Qxe5+ Kxe5 50. b8=Q+ Kf6 51. Qf4+ Ke7 52.
h4 Rb7 53. Rxc4 Bxc4 54. Qxc4 Rxb2 55. Qxa6 Rb1+ 56. Kg2 Kf8 57. Qd3 Re1 58. h5 e5 59. h6 Kg8 60. Qd8+ Kh7 61. Qf8 Kg6 62.
Qg7# 1-0

[Event "NJSK 2021 Meisjes A&B"]
[Site "Almelo, Netherlands"]
[Date "2021.08.05"]
[Round "5.4"]
[White "Van Essen, Marieke"]
[Black "Honkoop, Stella"]
[Result "1-0"]
[TimeControl "90min/40moves + 30sec/move"]
[WhiteElo "1610"]
[BlackElo "1573"]

1. e4 c5 2. Nf3 Nc6 3. d4 cxd4 4. Nxd4 Nf6 5. Nc3 e5 6. Ndb5 d6 7. Nd5 Nxd5 8. exd5 Ne7 9. c4 a6 10.
Nc3 Ng6 11. Bd3 f5 12. O-O Be7 13. f3 O-O 14. b3 Bg5 15. Ne2 Qf6 16. Bb2 Be3+ 17. Kh1 Nf4 18. Nxf4 Bxf4 19. g3 Be3 20. f4 Qe7 21. Qe2 exf4 22. gxf4 Re8 23. Rae1 g5 24.
fxg5 Qxg5 25. Rg1 1-0

[Event "NJSK 2021 Meisjes A&B"]
[Site "Almelo, Netherlands"]
[Date "2021.08.05"]
[Round "5.5"]
[White "Maris, Evi"]
[Black "Martinez, Sara"]
[Result "0-1"]
[TimeControl "90min/40moves + 30sec/move"]
[WhiteElo "1232"]
[BlackElo "1528"]

1. e4 e6 2. d4 d5 3. exd5 exd5 4. Nf3 Nf6 5. Bg5 h6 6. Bh4 c5 7. dxc5 Bxc5 8. Bb5+ Bd7 9. Bxd7+ Nbxd7 10. O-O O-O 11. Nc3 g5 12. Bg3 Ne4 13. Ne2 f5 14. Qxd5+ Kh7 15. Be5 Nxe5 16.
Qxe5 Qb6 17. Nfd4 Rae8 18. Qd5 Rd8 19. Qe5 Bxd4 20. Nxd4 Qxd4 21. Qe7+ Qg7 22. Qe6 Rd6 23. Qc4 Nd2 24.
Qb4 Rd4 25. Qc5 Nxf1 26. Rxf1 b6 27. Qb5 Qd7 28. Qe2 Rd2 29. Qh5 Rxc2 30. h3 Rxb2 31. Rd1 Rd2 32. Re1 g4 33. Kh2 Qd6+ 34.
Kg1 Rd1 35. Rxd1 Qxd1+ 36. Kh2 g3+ 37. Kxg3 Qxh5 38. a4 f4+ 39. Kh2 Rg8 40. a5 Qg5 41. g4 fxg3+ 42. Kg2 Qd2 43. Kf3 Qxf2+ 44. Ke4 Re8+ 45. Kd5 Qc5# 0-1

[Event "NJSK 2021 Meisjes A&B"]
[Site "Almelo, Netherlands"]
[Date "2021.08.05"]
[Round "5.6"]
[White "Bogouslavskii, Veronique"]
[Black "Bertholee, Arjuna"]
[Result "1-0"]
[TimeControl "90min/40moves + 30sec/move"]
[WhiteElo "1207"]
[BlackElo "1144"]

1. d4 d5 2. e3 Nf6 3. Bd3 c5 4. c3 c4 5. Bc2 b5 6. Nd2 Nc6 7. f4 Bg4 8. Ngf3 e6 9. O-O Bd6 10.
Qe1 O-O 11. Qh4 h6 12. Ne5 Bf5 13. Nxc6 Qc7 14. Bxf5 Qxc6 15. Bc2 a5 16. g4 Ne4 17. Rf3 f6 18. Qh5 Qe8 19. Qxe8 Raxe8 20. Nxe4 dxe4 21. Bxe4 e5 22. Bd5+ Kh8 23. Bc6 Rb8 24. fxe5 fxe5 25. Rxf8+ Bxf8 26. dxe5 Bc5 27. Kf2 b4 28.
Bd2 Rd8 29. Ke2 Rc8 30. Bd5 Re8 31. e6 Bd6 32. cxb4 axb4 33. Bxc4 Bxh2 34. Bxb4 Be5 35. Rf1 Bxb2 36. e7 Bf6 37.
Rxf6 gxf6 38. Bf7 Rb8 39. e8=Q+ Rxe8 40. Bxe8 f5 41. Bc3+ Kh7 42. gxf5 h5 43. f6 h4 44. f7 h3 45.
f8=Q h2 46. Qh8# 1-0

[Event "NJSK 2021 Meisjes A&B"]
[Site "Almelo, Netherlands"]
[Date "2021.08.05"]
[Round "5.7"]
[White "Duson, Stella"]
[Black "Venema, Katja"]
[Result "0-1"]
[TimeControl "90min/40moves + 30sec/move"]
[WhiteElo "1259"]
[BlackElo "1356"]

1. e4 e6 2. d4 d5 3. exd5 exd5 4. Bd3 Nf6 5. Nf3 Nc6 6. O-O Be7 7. Bg5 O-O 8. Re1 Bg4 9. c3 Qd6 10.
Nbd2 Nd8 11. Qc2 h6 12. Bxf6 Qxf6 13. Be2 Qb6 14. Ne5 Be6 15. Bf3 Re8 16. Re2 Nc6 17. Rae1 Nxe5 18. Rxe5 Bd6 19.
R5e2 c6 20. Bg4 Qc7 21. g3 Qd7 22. Bxe6 Rxe6 23. Rxe6 fxe6 24. Qg6 Re8 25. f4 Qf7 26. Qxf7+ Kxf7 27. Nf3 Kf6 28. Nh4 c5 29.
dxc5 Bxc5+ 30. Kg2 g5 31. fxg5+ hxg5 32. Nf3 e5 33. h4 gxh4 34. gxh4 e4 35. Kg3 Rg8+ 36. Ng5 Ke5 37. Kg4 Rf8 38. Nh3 Rg8+ 39. Ng5 Be7 40. Rf1 Rf8 41. Nf7+ Ke6 42. Ng5+ Ke5 43.
Rxf8 Bxf8 44. Nf7+ Kf6 45. Ng5 Bh6 46. Kf4 a5 47. c4 dxc4 48. Kxe4 b5 49. Kd4 Kf5 50. Kc5 a4 51. Kxb5 a3 52.
bxa3 c3 53. Nf3 Ke4 54. Kb4 c2 55. Nd2 Bxd2+ 0-1

[Event "NJSK 2021 Meisjes A&B"]
[Site "Almelo, Netherlands"]
[Date "2021.08.06"]
[Round "6.1"]
[White "De Zoeten, Cato"]
[Black "Cordes, Jule"]
[Result "1/2-1/2"]
[TimeControl "90min/40moves + 30sec/move"]
[WhiteElo "1881"]
[BlackElo "1790"]

1. e4 c5 2. Nf3 Nc6 3. d4 cxd4 4. Nxd4 g6 5. c4 Bg7 6. Be3 Nf6 7. Nc3 O-O 8. Be2 d6 9. f3 Bd7 10.
Qd2 Nxd4 11. Bxd4 Bc6 12. O-O Nd7 13. Bxg7 Kxg7 14. Qd4+ Kg8 15. Rad1 Qb6 16. Nd5 Qxd4+ 17. Rxd4 Bxd5 18.
exd5 Rfc8 19. Re4 Kf8 20. Re1 Rc7 21. Bf1 Nf6 22. R4e3 a5 23. Rb3 Nd7 24. Ree3 Nc5 25. Rb5 Rcc8 26.
Ra3 a4 27. b3 Ra7 28. g3 e6 29. b4 Nd7 30. dxe6 fxe6 31. Re3 Kf7 32. f4 b6 33. Bh3 Re8 34. Rd3 Ke7 35. Re3 Kf7 36.
Rd3 Ke7 37. Re3 1/2-1/2

[Event "NJSK 2021 Meisjes A&B"]
[Site "Almelo, Netherlands"]
[Date "2021.08.06"]
[Round "6.2"]
[White "Van Essen, Marieke"]
[Black "Ricken, Katharina"]
[Result "0-1"]
[TimeControl "90min/40moves + 30sec/move"]
[WhiteElo "1610"]
[BlackElo "2030"]

1. e4 c5 2. Nf3 g6 3. d4 cxd4 4. Nxd4 Nc6 5. Be3 Nf6 6. Nc3 Bg7 7. Be2 O-O 8. O-O d5 9. exd5 Nb4 10.
Qd2 Nfxd5 11. Nxd5 Nxd5 12. Bh6 e5 13. Bxg7 Kxg7 14. Rad1 Nf4 15. Rfe1 Qxd4 16. Qxd4 Nxe2+ 17. Rxe2 exd4 18. Rxd4 Be6 19. Red2 Kf6 20.
f3 Ke7 0-1

[Event "NJSK 2021 Meisjes A&B"]
[Site "Almelo, Netherlands"]
[Date "2021.08.06"]
[Round "6.3"]
[White "Den Heijer, Rolinde"]
[Black "Zubair, Javeria Komal"]
[Result "1/2-1/2"]
[TimeControl "90min/40moves + 30sec/move"]
[WhiteElo "1483"]
[BlackElo "1490"]

1. e4 c5 2. Nf3 e6 3. d4 cxd4 4.
Nxd4 Nc6 5. Nc3 Nf6 6. a3 a6 7. Be2 Bc5 8. Nb3 Ba7 9. Bg5 Qb6 10. Rf1 Ng8 11. Qd3 Ne5 12. Qg3 Ng6 13.
O-O-O Bb8 14. Qd3 Bf4+ 15. Bxf4 Nxf4 16. Qg3 Nxe2+ 17. Nxe2 g6 18. Qc3 f6 19. g4 Qc6 20. Qd4 e5 21.
Qd3 Ne7 22. f4 exf4 23. Rxf4 O-O 24. e5 fxe5 25. Rxf8+ Kxf8 26. Rf1+ Ke8 27. Qh3 h5 28. gxh5 d5 29. Qe3 Bf5 30.
c3 Qb5 31. Qxe5 Qxb3 32. Rxf5 gxf5 33. Qh8+ Kf7 34. Qxa8 Qc4 35. Nd4 f4 36. Kc2 f3 37. Nxf3 Qe4+ 38. Kb3 Qc4+ 39. Kc2 Qe4+ 40.
Kc1 Qxf3 41. Qxb7 Qxh5 42. Qxa6 Qxh2 43. a4 Qh1+ 44. Kc2 Nf5 45. Qb7+ Kf6 46. Qb6+ Ke5 47. a5 Qe4+ 48. Kb3 Qc4+ 49.
Ka3 Nd6 50. Qb4 Qf1 51. Qd4+ Ke6 52. Kb3 Qb5+ 53. Qb4 Qe2 54. Qb6 Ke5 55. Qc7 Qb5+ 56. Kc2 Qa4+ 57. b3 Qa2+ 58. Kd3 Qb1+ 59.
Kd2 Qb2+ 60. Ke1 Qc1+ 61. Ke2 1/2-1/2

[Event "NJSK 2021 Meisjes A&B"]
[Site "Almelo, Netherlands"]
[Date "2021.08.06"]
[Round "6.4"]
[White "Martinez, Sara"]
[Black "Bogouslavskii, Veronique"]
[Result "0-1"]
[TimeControl "90min/40moves + 30sec/move"]
[WhiteElo "1528"]
[BlackElo "1207"]

1. e4 e5 2. Nf3 Nc6 3. d4 exd4 4. Nxd4 Qh4 5. Nb5 Bb4+ 6. c3 Ba5 7. Be3 Qxe4 8. Nd2 Qe7 9. Nc4 d6 10.
Nxa5 Nxa5 11. Qa4 Nc6 12. Bd3 Nf6 13. O-O-O O-O 14. Qh4 Ne5 15. Bxh7+ Kh8 16. Bc2+ Kg8 17. Bg5 Ng6 18. Bxf6 gxf6 19.
Qg3 f5 20. Bb3 Kg7 21. Rhe1 Qd8 22. f4 a6 23. Nd4 Bd7 24. Re3 b5 25. Bd5 Rc8 26. Nc6 Qf6 27. Rde1 Rce8 28. Ne7 Rh8 29.
R3e2 Kf8 30. Nxg6+ Qxg6 31. Rxe8+ Bxe8 32. Qe3 Kg7 33. Qd4+ Qf6 34. Qxf6+ Kxf6 35. h3 c6 36. Bf3 Bd7 37.
Kd2 a5 38. Kd3 c5 39. Bd5 Be6 40. c4 Bxd5 41. cxd5 Rg8 42. Re2 c4+ 43. Kc2 Rg3 44. Kc1 Rd3 45. Rd2 Re3 46. Kd1 Re4 47.
Rf2 Rd4+ 48. Kc2 Rxd5 49. Rd2 Rxd2+ 50. Kxd2 d5 51. Kc3 b4+ 52. Kd4 a4 53. g3 Kg6 54. Ke3 b3 55. axb3 c3 56.
Kd3 cxb2 57. Kc2 a3 0-1

[Event "NJSK 2021 Meisjes A&B"]
[Site "Almelo, Netherlands"]
[Date "2021.08.06"]
[Round "6.5"]
[White "Basa, Manasvita"]
[Black "Honkoop, Stella"]
[Result "1-0"]
[TimeControl "90min/40moves + 30sec/move"]
[WhiteElo "1711"]
[BlackElo "1573"]

1. e4 c5 2. Nf3 Nc6 3. d4 cxd4 4. Nxd4 Nf6 5. Nc3 e5 6. Ndb5 d6 7. Nd5 Nxd5 8. exd5 Nb8 9. c4 a6 10.
Nc3 Be7 11. Be2 O-O 12. O-O f5 13. f4 e4 14. Be3 Nd7 15. Na4 Rb8 16. Qb3 Bf6 17. c5 dxc5 18. Nxc5 Nxc5 19. Bxc5 Re8 20.
Bb6 Qd7 21. d6+ Kh8 22. Rfd1 Bd8 23. Rac1 Re6 24. Rc7 Qe8 25. Ba7 Rxd6 26. Bxb8 Bxc7 27. Bxc7 Rxd1+ 28. Qxd1 Bd7 29. Qd6 Qc8 30.
Kf2 h6 31. Bh5 Be8 32. Bxe8 Qxe8 33. Qd8 Qxd8 34. Bxd8 Kg8 35. Ke3 Kf7 36. h3 Ke6 37. Kd4 Kd6 38. Bh4 b6 39. Kc4 Kc6 40.
Kd4 Kd6 41. a3 g6 42. b3 Ke6 43. a4 Kd6 44. b4 h5 45. b5 axb5 46. axb5 e3 47. Kxe3 Kd5 48. Bd8 Kc4 49. Bxb6 Kxb5 50.
Bd8 Kc4 51. Bf6 Kd5 52. Kf3 Ke6 53. Bd8 Kd7 54. Ba5 Ke6 55. Kg3 Ke7 56. Kh4 Kf7 57. Kg5 Kg7 58. Bc3+ Kh7 59. Bd4 h4 60.
Bc3 1-0

[Event "NJSK 2021 Meisjes A&B"]
[Site "Almelo, Netherlands"]
[Date "2021.08.06"]
[Round "6.6"]
[White "Venema, Katja"]
[Black "Maris, Evi"]
[Result "1-0"]
[TimeControl "90min/40moves + 30sec/move"]
[WhiteElo "1356"]
[BlackElo "1232"]

1. d4 d5 2. c4 e6 3. Nc3 c5 4. Nf3 Nc6 5. Bf4 Nf6 6. Nb5 e5 7. dxe5 Nh5 8. Bg5 Be7 9. Bxe7 Nxe7 10.
Nd6+ Kf8 11. cxd5 f6 12. Nxc8 Rxc8 13. e4 fxe5 14. Nxe5 Nf6 15. Bd3 Qc7 16. Nc4 Qf4 17. Qf3 Qxf3 18.
gxf3 b5 19. Nd6 Rb8 20. Bxb5 Rb6 21. Bc6 Nxc6 22. dxc6 Rxc6 23. O-O-O Ke7 24. Nf5+ Kf7 25. Rhg1 g6 26. Nd6+ Ke6 27.
Nc4 Rb8 28. Rg5 Rb4 29. b3 Rb5 30. Re5+ Kf7 31. Nd6+ Rxd6 32. Rxd6 Nh5 33. Rc6 Nf4 34. Kc2 Ra5 35. a4 g5 36.
Rexc5 Rxc5+ 37. Rxc5 Ne6 38. Rd5 h6 39. Rd7+ Kf6 40. Rxa7 Nd4+ 41. Kc3 Nxf3 42. Ra6+ Kg7 43. h3 Ng1 44.
Kd3 Nxh3 45. f3 Nf4+ 46. Ke3 Ng6 47. a5 Ne5 48. Ra7+ Kf8 49. a6 Nc6 50. Rc7 h5 51. Rxc6 h4 52.
a7 h3 53. a8=Q+ Ke7 54. Qb7+ Kf8 55. Rc8# 1-0

[Event "NJSK 2021 Meisjes A&B"]
[Site "Almelo, Netherlands"]
[Date "2021.08.06"]
[Round "6.7"]
[White "Bertholee, Arjuna"]
[Black "Duson, Stella"]
[Result "1-0"]
[TimeControl "90min/40moves + 30sec/move"]
[WhiteElo "1144"]
[BlackElo "1259"]

1. e4 e5 2. Nf3 Nf6 3. Nc3 Nc6 4. Bb5 Bc5 5. O-O O-O 6. Nxe5 Nxe5 7. d4 Bxd4 8. Qxd4 Nc6 9. Qd3 d6 10.
Bg5 Ne5 11. Qg3 Ng6 12. f4 h6 13. f5 hxg5 14. fxg6 Nh5 15. Qf3 Nf6 16. gxf7+ Kh8 17. Bc4 Qe7 18. Nd5 Qxe4 19. Nxf6 Qxf3 20.
Rxf3 gxf6 21. Rxf6 Kg7 22. Rf3 c6 23. Raf1 d5 24. Bd3 Be6 25. Rg3 Rxf7 26. Rxg5+ Kh6 27. Rg6+ Kh5 28. Rxe6 Rxf1+ 29. Kxf1 Rf8+ 30. Ke2 Kg4 31. Re7 Rh8 32. h3+ Kg3 33. Rxb7 Kxg2 34. Rg7 Kxh3 35. Rh7+ Rxh7 36. Bxh7 Kg3 37.
Kd3 c5 38. Bg8 Kf4 39. Bxd5 Ke5 40. Kc4 Kd6 41. Bf3 a5 42. Kb5 a4 43. Kxa4 c4 44. Kb4 c3 45. Kxc3 Kc5 46. a4 Kb6 47.
b4 Ka7 48. a5 Kb8 49. b5 Ka7 50.
b6+ Kb8 51. a6 Kc8 52. a7 Kd8 53. a8=Q+ Kd7 54. Qc6+ Kd8 55. Qc7+ Ke8 56. Bh5+ Kf8 57. Qf7# 1-0

[Event "NJSK 2021 Meisjes A&B"]
[Site "Almelo, Netherlands"]
[Date "2021.08.07"]
[Round "7.1"]
[White "Ricken, Katharina"]
[Black "Cordes, Jule"]
[Result "1/2-1/2"]
[TimeControl "90min/40moves + 30sec/move"]
[WhiteElo "2030"]
[BlackElo "1790"]

1. Nf3 c5 2. b3 Nc6 3. Bb2 Nf6 4.
c4 d5 5.
cxd5 Nxd5 6. g3 f6 7. d4 Qa5+ 8. Nbd2 cxd4 9. Nxd4 Nxd4 10. Bxd4 e5 11. Bb2 Bc5 12. e3 Bf5 13. Qe2 Bd7 14.
a3 Be7 15. b4 Qb6 16. Qc4 Be6 17. Qb5+ Qxb5 18. Bxb5+ Kf7 19. Bc4 Rac8 20. Rc1 Rhd8 21. Ke2 Nc7 22. Rc2 Na8 23. Rhc1 Nb6 24.
Bxe6+ Kxe6 25. Rxc8 Rxc8 26. Rxc8 Nxc8 27. e4 Nb6 28. Nb1 1/2-1/2

[Event "NJSK 2021 Meisjes A&B"]
[Site "Almelo, Netherlands"]
[Date "2021.08.07"]
[Round "7.2"]
[White "Bogouslavskii, Veronique"]
[Black "De Zoeten, Cato"]
[Result "0-1"]
[TimeControl "90min/40moves + 30sec/move"]
[WhiteElo "1207"]
[BlackElo "1881"]

1. d4 Nf6 2. Bg5 g6 3. e3 Bg7 4. Bd3 d6 5. f4 c5 6. c3 Nbd7 7. Nf3 b6 8. Nbd2 Bb7 9. O-O h6 10.
Bxf6 Nxf6 11. e4 O-O 12. Qe2 Re8 13. e5 Nd5 14. Nh4 cxd4 15. cxd4 Nb4 16. e6 Nxd3 17. exf7+ Kxf7 18. Qxd3 Rg8 19.
Qxg6+ Kf8 20. Qe6 Bxd4+ 21. Kh1 Bf6 22. Ndf3 Qc8 23. f5 Qxe6 24. fxe6 Bd5 25. Rf2 Bxe6 26. Nd4 Bd5 27. Nhf5 Rg6 28.
Re1 Bxd4 29. Nxd4+ Kg8 30. Rxe7 Rf8 31. Nf3 Rg7 32. Rxg7+ Kxg7 33. b3 Bxf3 34. gxf3 Kf6 35. Rd2 Rd8 36.
Kg2 d5 37. f4 d4 38. Kf3 Kf5 39. Rd3 h5 40. h4 Rd7 41. a4 a5 42. Rd2 Rc7 43. Rxd4 Rc3+ 44. Kg2 Rxb3 45. Rc4 Rb4 46.
Rc6 Kxf4 47. Rg6 Rxa4 48. Rxb6 Kg4 49. Rb5 Ra2+ 50. Kg1 Kxh4 51. Rc5 a4 52. Rc1 a3 53. Kh1 Rb2 54. Rc4+ Kg5 55.
Rc5+ Kg4 56. Rc4+ Kf5 57. Rc5+ Ke4 0-1

[Event "NJSK 2021 Meisjes A&B"]
[Site "Almelo, Netherlands"]
[Date "2021.08.07"]
[Round "7.3"]
[White "Venema, Katja"]
[Black "Den Heijer, Rolinde"]
[Result "1-0"]
[TimeControl "90min/40moves + 30sec/move"]
[WhiteElo "1356"]
[BlackElo "1483"]

1. d4 d5 2. c4 e6 3. Nc3 Be7 4. Nf3 Nf6 5. Bf4 O-O 6. e3 b6 7. Be2 Bb7 8. O-O c5 9. Rc1 Nc6 10.
a3 cxd4 11. exd4 Rc8 12. b4 dxc4 13. Bxc4 Nxd4 14. Be2 Nxe2+ 15. Qxe2 Nd5 16. Nxd5 Bxd5 17. Rxc8 Qxc8 18. Rc1 Qd8 19.
h3 Bd6 20. Be3 Qf6 21. Rd1 Bb8 22. Nd4 Qe5 23. f4 Qe4 24. Qf2 h6 25. f5 Qe5 26. Rc1 exf5 27. Nxf5 Qh2+ 28. Kf1 Qh1+ 29. Qg1 Qxg1+ 30. Kxg1 Re8 31.
Bd4 f6 32. Kf2 Be5 33. Bxe5 Rxe5 34. g4 Be4 35. Nd6 Re7 36. Re1 Rc7 37. Rxe4 a6 38. Nf5 Kf7 39. Nd6+ Kg6 40. h4 h5 41.
gxh5+ Kxh5 42. Nc4 Rc6 43. Rf4 b5 44. Ne3 Rc3 45. Nf5 Kg6 46. Ne7+ Kf7 47. Nd5 Rxa3 48. Nc7 Kg6 49. Kg2 Kh5 50.
Ne8 Kh6 51. Rg4 f5 52. Rf4 g6 53. Nc7 Kg7 54. Kf2 Kf6 55. Rd4 Ke5 56. Rd5+ Kf4 57. Rd6 Ra2+ 58. Kf1 a5 59. Nxb5 axb4 60.
Rxg6 b3 61. Nc3 Rc2 62. Ne2+ Ke3 63. Rg3+ Ke4 64. Rxb3 f4 65.
Kf2 Rc4 66. h5 Kf5 67. Kf3 Kg5 68. Rb5+ Kh6 69. Nxf4 Rc6 70. Kg4 Ra6 71. Rg5 Ra1 72. Rg6+ Kh7 73. Kf5 Ra5+ 74. Kf6 Ra6+ 75.
Ne6 Rb6 76. Ke7 Ra6 77. Nf8 1-0

[Event "NJSK 2021 Meisjes A&B"]
[Site "Almelo, Netherlands"]
[Date "2021.08.07"]
[Round "7.4"]
[White "Zubair, Javeria Komal"]
[Black "Van Essen, Marieke"]
[Result "0-1"]
[TimeControl "90min/40moves + 30sec/move"]
[WhiteElo "1490"]
[BlackElo "1610"]

1. Nf3 d5 2. c4 Nf6 3. e3 Nc6 4.
Nc3 e5 5. d4 Bg4 6. Be2 Bb4 7. a3 exd4 8. Nxd4 Bxe2 9. Qxe2 Bxc3+ 10. bxc3 Qd7 11. O-O O-O 12. Rb1 b6 13. Rd1 Rad8 14.
Bb2 dxc4 15. Qxc4 Ne5 16. Qe2 c5 17. Nb5 Qe7 18. c4 Ne4 19. f3 a6 20. Nc3 Nxc3 21. Bxc3 Rxd1+ 22. Rxd1 Rb8 23.
Rd5 Nc6 24. Qd2 b5 25. Rd6 Qe8 26. Kf2 b4 27. axb4 cxb4 28. Bb2 h6 29. Qd5 Rc8 30. Qh5 Rd8 31. Qg4 g6 32. c5 Rxd6 33.
cxd6 Qe6 34. Qf4 g5 35. Qg3 Qa2 36. h4 Qxb2+ 37. Kf1 Qc1+ 38. Ke2 Qc4+ 39. Kd2 Qxh4 40. Qxh4 gxh4 41. Kd3 Kf8 42.
e4 Ke8 43. f4 Kd7 44. e5 a5 45. Kc4 a4 46. Kd5 b3 47. f5 Nxe5 48. Kxe5 b2 0-1